General information
			
			
        
        - name: BNet
 
        - type: Ladder team game (AT/RT)
 
        - host: Battle.net
 
        - saver: Blahsmack
 
        
map: Highperch 
        - players: 6
 
        - length: 30:07
 
        - speed: Fast
 - version: 1.22 W3XP
 - replay type:  Public
 
» download(148 KB)
Players
        team 1 (loser) 
              
              
Mitchyslick (
purple | 14 APM | 156 actions | 11:08)
              
 2 Archmage 
 1 Blizzard
 1 Summon Water Elemental
 
                » actions 
                
                | Basic commands | 3 |  | 
| Build / train | 22 |  | 
| Enter build submenu | 13 |  | 
| Enter hero's abilities submenu | 2 |  | 
| Right click | 33 |  | 
| Select / deselect | 63 |  | 
| Use ability | 20 |  | 
                156 total
 » units 
                » upgrades
                » buildings
                
                | Barracks | 2 |  | 
| Altar of Kings | 1 |  | 
| Scout Tower | 3 |  | 
| Lumber Mill | 1 |  | 
| Farm | 4 |  | 
| Blacksmith | 1 |  | 
| Guard Tower | 1 |  | 
| Keep | 1 |  | 
| Castle | 1 |  | 
                15 total
 » build order
                00:11 Barracks
00:21 Barracks
00:43 Altar of Kings
00:56 Scout Tower
01:05 Lumber Mill
02:16 Farm
02:52 Farm
03:01 Blacksmith
03:28 Farm
04:50 Guard Tower
05:03 Farm
05:54 Scout Tower
06:12 Keep
08:57 Castle
11:04 Scout Tower
 
               
              
              
» 
OurLord (
orange | 50 APM | 1508 actions | 29:54)
              
 3 Demon Hunter 
 2 Mana Burn
 1 Evasion
 2 Keeper of the Grove 
 1 Entangling Roots
 1 Thorns Aura
 
                » actions 
                
                | Assign group hotkey | 26 |  | 
| Basic commands | 34 |  | 
| Build / train | 85 |  | 
| ESC pressed | 6 |  | 
| Enter build submenu | 50 |  | 
| Enter hero's abilities submenu | 5 |  | 
| Remove unit from queue | 4 |  | 
| Right click | 420 |  | 
| Select / deselect | 528 |  | 
| Select group hotkey | 277 |  | 
| Use ability | 73 |  | 
                1508 total
 » units 
                
                | Wisp | 16 |  | 
| Archer | 3 |  | 
| Huntress | 7 |  | 
| Druid of the Claw | 5 |  | 
| Knight | 2 |  | 
| Chimaera | 8 |  | 
| Dragonhawk Rider | 10 |  | 
| Peasant | 6 |  | 
| Gryphon Rider | 1 |  | 
                58 total
 » upgrades
                
                | Strength of the Wild | 2 |  | 
| Druid of the Claw Training | 2 |  | 
| Reinforced Hides | 1 |  | 
| Long Rifles |  |  | 
| Mark of the Claw | 1 |  | 
| Cloud | 1 |  | 
| Corrosive Breath | 1 |  | 
| Gunpowder | 1 |  | 
| Swords | 1 |  | 
| Masonry | 1 |  | 
| Lumber Harvesting | 1 |  | 
                12 total
 » buildings
                
                | Altar of Elders | 1 |  | 
| Moon Well | 9 |  | 
| Ancient of War | 1 |  | 
| Hunter's Hall | 1 |  | 
| Tree of Ages | 1 |  | 
| Ancient of Lore | 2 |  | 
| Tree of Eternity | 5 |  | 
| Ancient of Wind | 1 |  | 
| Gryphon Aviary | 3 |  | 
| Farm | 12 |  | 
| Chimaera Roost | 3 |  | 
| Arcane Vault | 1 |  | 
| Tree of Life | 1 |  | 
| Ancient Protector | 7 |  | 
                48 total
 » build order
                00:08 Altar of Elders
00:09 Moon Well
00:18 Ancient of War
01:39 Moon Well
02:20 Hunter's Hall
03:02 Moon Well
03:44 Tree of Ages
06:11 Moon Well
06:33 Ancient of Lore
06:36 Ancient of Lore
07:29 Moon Well
08:30 Moon Well
09:24 Tree of Eternity
09:25 Tree of Eternity
09:25 Tree of Eternity
11:09 Ancient of Wind
11:23 Gryphon Aviary
11:26 Gryphon Aviary
11:27 Gryphon Aviary
11:33 Farm
11:37 Farm
12:30 Chimaera Roost
13:04 Arcane Vault
13:39 Farm
13:40 Farm
13:45 Farm
13:52 Chimaera Roost
14:16 Farm
14:42 Moon Well
14:58 Farm
15:14 Farm
15:38 Moon Well
15:54 Farm
16:33 Moon Well
17:06 Farm
17:43 Farm
18:25 Farm
20:21 Chimaera Roost
21:48 Tree of Life
26:35 Ancient Protector
26:38 Ancient Protector
27:01 Ancient Protector
27:17 Ancient Protector
28:07 Ancient Protector
28:09 Ancient Protector
29:30 Ancient Protector
 
               
              
              
» 
WH1TExS1DE (
pink | 57 APM | 1720 actions | 30:03)
              
 4 Death Knight 
 2 Death Coil
 2 Unholy Aura
 4 Lich 
 2 Frost Nova
 2 Frost Armor
 2 Dreadlord 
 1 Sleep
 1 Carrion Swarm
 
                » actions 
                
                | Assign group hotkey | 44 |  | 
| Basic commands | 86 |  | 
| Build / train | 72 |  | 
| ESC pressed | 11 |  | 
| Enter build submenu | 32 |  | 
| Enter hero's abilities submenu | 10 |  | 
| Remove unit from queue | 1 |  | 
| Right click | 441 |  | 
| Select / deselect | 461 |  | 
| Select group hotkey | 490 |  | 
| Use ability | 72 |  | 
                1720 total
 » units 
                
                | Acolyte | 9 |  | 
| Ghoul | 6 |  | 
| Crypt Fiend | 12 |  | 
| Obsidian Statue | 7 |  | 
| Frost Wyrm | 4 |  | 
| Knight | 7 |  | 
                45 total
 » upgrades
                
                | Web | 1 |  | 
| Creature Attack | 2 |  | 
| Destroyer Form | 1 |  | 
| Freezing Breath | 1 |  | 
                5 total
 » buildings
                
                | Altar of Darkness | 1 |  | 
| Ziggurat | 11 |  | 
| Crypt | 1 |  | 
| Graveyard | 1 |  | 
| Tomb of Relics | 1 |  | 
| Nerubian Tower | 1 |  | 
| Halls of the Dead | 2 |  | 
| Slaughterhouse | 1 |  | 
| Black Citadel | 2 |  | 
| Sacrificial Pit | 1 |  | 
| Boneyard | 2 |  | 
| Barracks | 2 |  | 
                26 total
 » build order
                00:07 Altar of Darkness
00:09 Ziggurat
00:47 Crypt
01:11 Graveyard
01:33 Ziggurat
01:37 Tomb of Relics
01:59 Nerubian Tower
02:50 Ziggurat
04:14 Halls of the Dead
05:25 Ziggurat
06:52 Slaughterhouse
07:18 Ziggurat
08:13 Ziggurat
08:21 Black Citadel
08:21 Black Citadel
10:07 Sacrificial Pit
10:33 Ziggurat
11:06 Boneyard
11:35 Ziggurat
11:45 Barracks
11:48 Barracks
12:14 Ziggurat
21:33 Ziggurat
22:35 Ziggurat
25:51 Boneyard
» items
                 
               team 2 (winner) 
              
              
Blahsmack (
yellow | 36 APM | 1091 actions | 30:07)
              
 2 Archmage 
 1 Blizzard
 1 Brilliance Aura
 1 Goblin Tinker 
 1 Pocket Factory
 2 Blood Mage 
 1 Flame Strike
 1 Siphon Mana
 
                » actions 
                
                | Basic commands | 25 |  | 
| Build / train | 145 |  | 
| Enter build submenu | 45 |  | 
| Enter hero's abilities submenu | 5 |  | 
| Give item / drop item | 4 |  | 
| Remove unit from queue | 8 |  | 
| Right click | 342 |  | 
| Select / deselect | 383 |  | 
| Use ability | 134 |  | 
                1091 total
 » units 
                
                | Peasant | 18 |  | 
| Dragonhawk Rider | 13 |  | 
| Sorceress | 2 |  | 
| Priest | 2 |  | 
                35 total
 » upgrades
                
                | Masonry | 3 |  | 
| Lumber Harvesting | 3 |  | 
| Magic Sentry | 1 |  | 
| Sorceress Training | 2 |  | 
| Priest Training | 2 |  | 
| Cloud | 1 |  | 
| Animal War Training | 1 |  | 
| Swords | 3 |  | 
| Armor | 3 |  | 
                19 total
 » buildings
                
                | Lumber Mill | 2 |  | 
| Altar of Kings | 1 |  | 
| Farm | 6 |  | 
| Scout Tower | 74 |  | 
| Guard Tower | 63 |  | 
| Keep | 1 |  | 
| Arcane Vault | 2 |  | 
| Castle | 1 |  | 
| Town Hall | 2 |  | 
| Arcane Sanctum | 1 |  | 
| Gryphon Aviary | 2 |  | 
| Blacksmith | 1 |  | 
| Barracks | 1 |  | 
                157 total
 » build order
                00:10 Lumber Mill
00:22 Altar of Kings
00:25 Farm
00:57 Scout Tower
01:03 Scout Tower
01:35 Guard Tower
01:38 Scout Tower
02:01 Scout Tower
02:15 Guard Tower
02:16 Guard Tower
02:19 Scout Tower
02:23 Scout Tower
02:31 Guard Tower
02:31 Guard Tower
02:40 Farm
02:45 Scout Tower
02:53 Guard Tower
03:04 Scout Tower
03:30 Guard Tower
03:34 Scout Tower
03:45 Scout Tower
03:52 Guard Tower
03:52 Guard Tower
03:52 Guard Tower
04:08 Guard Tower
04:10 Scout Tower
04:27 Guard Tower
04:30 Scout Tower
04:32 Scout Tower
04:33 Scout Tower
04:51 Farm
04:53 Farm
05:02 Guard Tower
05:02 Guard Tower
05:06 Scout Tower
05:11 Guard Tower
05:12 Guard Tower
05:26 Guard Tower
05:27 Guard Tower
05:31 Guard Tower
05:32 Guard Tower
05:38 Keep
05:54 Guard Tower
05:55 Guard Tower
06:00 Guard Tower
06:06 Scout Tower
06:08 Scout Tower
06:09 Scout Tower
06:12 Scout Tower
06:13 Scout Tower
06:14 Scout Tower
06:16 Scout Tower
06:17 Scout Tower
06:20 Scout Tower
06:22 Scout Tower
06:27 Guard Tower
06:27 Guard Tower
06:44 Guard Tower
06:44 Guard Tower
07:10 Arcane Vault
07:13 Arcane Vault
07:19 Scout Tower
07:21 Scout Tower
07:23 Scout Tower
07:24 Scout Tower
07:25 Scout Tower
07:26 Scout Tower
07:28 Scout Tower
07:36 Scout Tower
07:37 Scout Tower
07:38 Scout Tower
07:42 Scout Tower
07:43 Scout Tower
07:43 Scout Tower
07:44 Scout Tower
07:45 Scout Tower
07:46 Scout Tower
07:47 Scout Tower
07:48 Scout Tower
07:54 Guard Tower
07:55 Guard Tower
08:22 Guard Tower
08:25 Guard Tower
08:43 Castle
10:00 Town Hall
10:07 Town Hall
10:15 Guard Tower
10:15 Guard Tower
10:46 Guard Tower
10:46 Guard Tower
11:34 Arcane Sanctum
12:18 Farm
12:19 Farm
12:24 Lumber Mill
14:24 Gryphon Aviary
14:25 Gryphon Aviary
14:37 Guard Tower
14:37 Guard Tower
15:02 Guard Tower
15:02 Guard Tower
16:56 Blacksmith
16:58 Barracks
17:10 Guard Tower
23:45 Scout Tower
23:47 Scout Tower
23:49 Scout Tower
23:54 Scout Tower
23:56 Scout Tower
23:58 Scout Tower
24:06 Scout Tower
24:09 Scout Tower
24:11 Scout Tower
24:13 Scout Tower
24:15 Scout Tower
24:16 Scout Tower
24:20 Scout Tower
24:26 Scout Tower
24:30 Scout Tower
24:34 Scout Tower
24:35 Scout Tower
24:57 Guard Tower
25:07 Guard Tower
25:07 Guard Tower
25:09 Guard Tower
25:18 Guard Tower
25:22 Scout Tower
25:24 Scout Tower
25:29 Scout Tower
25:31 Scout Tower
25:43 Guard Tower
25:48 Scout Tower
25:50 Scout Tower
25:57 Scout Tower
25:58 Scout Tower
25:59 Scout Tower
26:02 Scout Tower
26:07 Guard Tower
26:08 Guard Tower
26:23 Guard Tower
26:29 Scout Tower
26:40 Scout Tower
26:45 Guard Tower
27:10 Guard Tower
27:10 Guard Tower
27:21 Scout Tower
27:24 Guard Tower
27:56 Guard Tower
27:56 Guard Tower
28:02 Scout Tower
28:32 Guard Tower
28:39 Guard Tower
» items
                
                | Staff of Teleportation | 2 |  | 
| Tiny Great Hall | 2 |  | 
| Orb of Lightning | 4 |  | 
| Potion of Lesser Invulnerability | 1 |  | 
| Boots of Speed | 1 |  | 
                10 total
  
               
              
              
Cro- (
green | 85 APM | 2551 actions | 30:04)
              
 8 Tauren Chieftain 
 3 Endurance Aura
 3 War Stomp
 1 Reincarnation
 1 Shockwave
 
                » actions 
                
                | Assign group hotkey | 27 |  | 
| Basic commands | 101 |  | 
| Build / train | 74 |  | 
| ESC pressed | 5 |  | 
| Enter build submenu | 25 |  | 
| Enter hero's abilities submenu | 8 |  | 
| Right click | 877 |  | 
| Select / deselect | 401 |  | 
| Select group hotkey | 960 |  | 
| Use ability | 73 |  | 
                2551 total
 » units 
                
                | Peon | 14 |  | 
| Grunt | 5 |  | 
| Demolisher | 4 |  | 
| Tauren | 5 |  | 
| Troll Batrider | 11 |  | 
                39 total
 » upgrades
                
                | Pillage | 1 |  | 
| Melee Weapons | 2 |  | 
| Berserker Strength | 1 |  | 
| Burning Oil | 1 |  | 
| Pulverize | 1 |  | 
| Armor | 2 |  | 
| Liquid Fire | 1 |  | 
| Troll Regeneration | 1 |  | 
                10 total
 » buildings
                
                | Altar of Storms | 2 |  | 
| Orc Burrow | 8 |  | 
| Barracks | 1 |  | 
| War Mill | 1 |  | 
| Stronghold | 1 |  | 
| Voodoo Lounge | 4 |  | 
| Fortress | 1 |  | 
| Great Hall | 1 |  | 
| Tauren Totem | 2 |  | 
| Beastiary | 3 |  | 
                24 total
 » build order
                00:09 Altar of Storms
00:15 Orc Burrow
00:16 Altar of Storms
01:30 Barracks
02:05 Orc Burrow
02:27 War Mill
03:48 Orc Burrow
04:27 Stronghold
04:55 Voodoo Lounge
04:58 Voodoo Lounge
07:20 Fortress
08:50 Great Hall
09:57 Tauren Totem
09:59 Tauren Totem
11:19 Voodoo Lounge
12:28 Orc Burrow
12:31 Orc Burrow
12:35 Orc Burrow
13:18 Voodoo Lounge
13:46 Orc Burrow
13:48 Orc Burrow
21:33 Beastiary
21:36 Beastiary
21:40 Beastiary
» items
                
                | Healing Salve | 7 |  | 
| Orb of Lightning | 1 |  | 
| Scroll of Town Portal | 3 |  | 
| Scroll of Regeneration | 2 |  | 
| Lesser Clarity Potion | 1 |  | 
                14 total
  
               
              
              
blood_chieftain (
blue | 30 APM | 909 actions | 30:04)
              
 2 Archmage 
 1 Blizzard
 1 Brilliance Aura
 
                » actions 
                
                | Basic commands | 19 |  | 
| Build / train | 70 |  | 
| Enter build submenu | 24 |  | 
| Enter hero's abilities submenu | 2 |  | 
| Right click | 401 |  | 
| Select / deselect | 368 |  | 
| Use ability | 25 |  | 
                909 total
 » units 
                
                | Peasant | 7 |  | 
| Footman | 3 |  | 
| Rifleman | 13 |  | 
| Mortar Team | 8 |  | 
| Flying Machine | 16 |  | 
                47 total
 » upgrades
                
                | Gunpowder | 3 |  | 
| Masonry | 2 |  | 
| Armor | 2 |  | 
| Lumber Harvesting | 2 |  | 
| Long Rifles | 1 |  | 
| Fragmentation Shards | 1 |  | 
| Flying Machine Bombs | 1 |  | 
| Flak Cannons | 1 |  | 
| Plating | 1 |  | 
                14 total
 » buildings
                
                | Altar of Kings | 1 |  | 
| Farm | 13 |  | 
| Barracks | 1 |  | 
| Blacksmith | 1 |  | 
| Lumber Mill | 1 |  | 
| Scout Tower | 2 |  | 
| Arcane Vault | 1 |  | 
| Guard Tower | 2 |  | 
| Keep | 2 |  | 
| Workshop | 2 |  | 
| Castle | 1 |  | 
                27 total
 » build order
                00:06 Altar of Kings
00:10 Farm
00:53 Barracks
01:19 Farm
01:52 Farm
02:07 Blacksmith
02:19 Lumber Mill
02:32 Farm
03:08 Farm
03:19 Farm
03:49 Scout Tower
04:00 Arcane Vault
04:18 Scout Tower
04:21 Guard Tower
04:47 Guard Tower
04:52 Farm
05:17 Keep
05:18 Keep
05:31 Farm
06:12 Farm
07:41 Workshop
09:05 Farm
10:49 Farm
12:50 Castle
13:53 Farm
14:03 Farm
21:34 Workshop
» items
                 
                Chat log
          (00:15 / All) OurLord: gl HF 
(00:18 / Allies) blood_chieftain: units?
(00:19 / All) Cro-: HF gl
(00:43 / Allies) Cro-: gruntapult here
(00:50 / Allies) Blahsmack: highperch
(00:51 / Allies) Blahsmack: here
(01:45 / Allies) Cro-: yellow what u goin
(01:51 / Allies) Blahsmack: to the highperch
(01:54 / Allies) Cro-: ah k
(01:56 / Allies) Blahsmack: help me make the wall of racial unity
(02:12 / Allies) Blahsmack: only through divsion shall we find unity!
(05:28 / Allies) Blahsmack: lumber
(05:36 / Allies) Cro-: wahts highperch
(05:37 / Allies) Cro-: lol
(05:43 / Allies) Blahsmack: we go to the mountain
(05:47 / Allies) Blahsmack: get tier 3 shop
(05:48 / Allies) Blahsmack: please
(08:34 / Allies) Blahsmack: lumber and gold please
(08:35 / Allies) Blahsmack: for tech
(08:45 / Allies) Blahsmack: ty
(08:51 / Allies) Blahsmack: that was enuff
(10:06 / Allies) blood_chieftain: \lol
(10:18 / Allies) Blahsmack: defend the line
(10:21 / Allies) Blahsmack: dont stray from it
(10:26 / Allies) Blahsmack: ir provides cover
(10:38 / Allies) Blahsmack: lumber
(10:40 / Allies) Blahsmack: please
(11:08 / Allies) Blahsmack: near my shops
(11:09 / Allies) Blahsmack: near the towers
(11:21 / All) WH1TExS1DE: shit you can have him
(12:23 / Allies) blood_chieftain: ty
(13:35 / Allies) blood_chieftain: some gold plz green
(13:58 / Allies) Blahsmack: tinker
(14:01 / Allies) Blahsmack: climbs the mountain
(14:04 / Allies) Cro-: oh
(14:36 / Allies) Cro-: then what does it do
(14:45 / Allies) Blahsmack: we make abase on the mountain
(14:50 / Allies) Blahsmack: and they cant get to us
(14:54 / Allies) Blahsmack: and i ahve hawks
(14:56 / Allies) Blahsmack: to net air
(14:59 / Allies) Blahsmack: and towers
(15:00 / Allies) blood_chieftain: haahhahahhhahaha nice
(15:19 / Allies) Cro-: i need lumba
(15:23 / Allies) Blahsmack: same
(15:31 / Allies) Blahsmack: 15 on wood 5 on gold
(15:36 / Allies) Cro-: same
(15:38 / Allies) Cro-: 10 and 1
(15:39 / Allies) Cro-: 10
(16:09 / All) Cro-: come fight
(16:12 / Allies) blood_chieftain: omw
(16:13 / Allies) Blahsmack: jsut use heros to aoe the siege units
(16:15 / All) WH1TExS1DE: ok pussy
(16:23 / All) blood_chieftain: WHAT
(16:31 / All) Cro-: im the pussy
(16:31 / All) blood_chieftain: call me a pussy one more time
(16:34 / All) Cro-: but you are scared to fight
(16:36 / All) WH1TExS1DE: pussy
(16:41 / All) blood_chieftain: thats it
(17:32 / All) blood_chieftain: were here
(17:34 / All) blood_chieftain: come out dick
(18:03 / All) Cro-: haha
(19:18 / All) Cro-: cmon pussy
(19:42 / All) Cro-: MY TC IS GOING TO COME RAPE YOU IN THE ASS
(20:00 / All) blood_chieftain: I HAVE NO DICK
(20:08 / All) Blahsmack: its 2v2
(20:11 / All) Blahsmack: its fair
(20:26 / All) blood_chieftain: yellows just towering and being a noob
(20:28 / Allies) blood_chieftain: lol
(20:31 / Allies) Blahsmack: ahahaa
(21:45 / Allies) blood_chieftain: aa
(21:48 / Allies) blood_chieftain: time
(21:56 / Allies) Blahsmack: w go perch wen expo runs ot
(21:58 / Allies) Blahsmack: out
(21:59 / Allies) blood_chieftain: yellow gold plz
(22:55 / Allies) blood_chieftain: i got air green
(22:58 / Allies) blood_chieftain: u got groud
(23:30 / Allies) blood_chieftain: b
(23:32 / Allies) blood_chieftain: bb
(23:35 / Allies) blood_chieftain: aa not ready
(23:50 / Allies) blood_chieftain: yellow gold plz
(24:42 / All) Cro-: THE TC
(25:19 / All) Cro-: NOBODY FUCKS WITH THE TC
(26:54 / All) Cro-: its the tc
(26:58 / Allies) blood_chieftain: lag
(27:00 / Allies) Cro-: dont come
(27:09 / Allies) blood_chieftain: :(
(27:13 / Allies) Cro-: i got it
(27:14 / Allies) Cro-: plz
(29:23 / All) Blahsmack: how did you guys lose
(29:25 / All) Blahsmack: it was 2v2
(29:34 / All) WH1TExS1DE: ya exactly retard
(29:38 / All) WH1TExS1DE: it was 2vs2 50 50
(29:53 / All) WH1TExS1DE: fuckin dipshit
(29:58 / Allies) Blahsmack: caught at the boarder